[ AOE2 MATCH · #513752730 ]
UnrankedSlavs vs Burmese
Player's team · LOSS
Rival team · WIN
[ REPLAY ANALYSIS · EXTRACTED FROM THE RECORDED GAME ]
Feudal
8:50
Castle
26:56
Imperial
42:46
| APM avg | 50.0 |
| APM peak | 95 |
| eAPM avg | 27.9 |
| Villagers / military | 179 / 124 |
Focus
⚔️ 51.9% · 🌾 48.1%
Knight ×34 · Spearman ×32 · Skirmisher ×26 · Scout Cavalry ×12 · Trebuchet (Packed) ×6 · Monk ×5
Feudal
8:52
Castle
21:33
Imperial
42:56
| APM avg | 99.3 |
| APM peak | 160 |
| eAPM avg | 57.5 |
| Villagers / military | 171 / 165 |
Focus
⚔️ 72.5% · 🌾 27.5%
Scout Cavalry ×74 · Cavalry Archer ×62 · Archer ×10 · Militia ×7 · Knight ×4 · Spearman ×4
Match map
Initial resources + every placement click. Lines = walls · curves = elevation contours. ◆ gold · ⬟ stone · ● berries · ✦ relic · ◌ wall gap
Your base· Open — 3t gap
XEVER | Rivux's base· Open — 8t gap
Smoothed initial terrain · ◌ = detected wall gap · hover for details
Inputs per minute
— YuriusuNovakuro - - XEVER | Rivux
Build order — YuriusuNovakuro
First 150 of 503 actions detected
| 0:00 | queue | Villager (Male) |
| 0:00 | queue | Villager (Male) |
| 0:01 | queue | Villager (Male) |
| 0:01 | queue | Villager (Male) |
| 0:02 | Build | House |
| 0:03 | Build | House |
| 1:29 | queue | Villager (Male) |
| 1:59 | queue | Villager (Male) |
| 2:17 | queue | Villager (Male) |
| 2:19 | Build | Lumber Camp |
| 2:39 | queue | Villager (Male) |
| 2:58 | queue | Villager (Male) |
| 3:24 | Build | House |
| 3:34 | queue | Villager (Male) |
| 3:34 | queue | Villager (Male) |
| 4:17 | Build | Mill |
| 4:25 | queue | Villager (Male) |
| 4:31 | queue | Villager (Male) |
| 4:39 | queue | Villager (Male) |
| 4:47 | Build | Palisade Wall |
| 4:50 | Build | Palisade Wall |
| 4:51 | queue | Villager (Male) |
| 5:06 | Build | Palisade Wall |
| 5:08 | Build | Palisade Wall |
| 5:33 | Build | Palisade Wall |
| 5:48 | Research | Loom |
| 6:29 | Build | Palisade Wall |
| 6:37 | Research | Feudal Age |
| 6:43 | Build | House |
| 7:06 | Build | Lumber Camp |
| 7:21 | Build | Palisade Wall |
| 7:26 | Build | Palisade Wall |
| 8:08 | queue | Villager (Male) |
| 8:21 | Build | Barracks |
| 8:28 | Build | Palisade Wall |
| 8:29 | Build | Palisade Wall |
| 8:47 | queue | Villager (Male) |
| 8:50 | Age | Feudal Age |
| 8:53 | Research | Double-Bit Axe |
| 8:55 | queue | Villager (Male) |
| 9:24 | Build | Stable |
| 9:43 | Build | Farm |
| 9:44 | Build | Farm |
| 9:45 | Build | Farm |
| 9:50 | queue | Villager (Male) |
| 9:59 | queue | Scout Cavalry |
| 9:59 | queue | Scout Cavalry |
| 10:10 | Build | Farm |
| 10:16 | Build | House |
| 10:18 | Build | House |
| 10:24 | queue | Villager (Male) |
| 10:30 | Build | House |
| 10:39 | queue | Villager (Male) |
| 10:42 | Build | Farm |
| 10:44 | Build | Farm |
| 11:01 | Build | Farm |
| 11:02 | queue | Scout Cavalry |
| 11:21 | queue | Villager (Male) |
| 11:31 | Build | House |
| 11:35 | queue | Villager (Male) |
| 11:40 | Build | House |
| 11:51 | Build | Archery Range |
| 11:51 | queue | Villager (Male) |
| 12:05 | Build | Watch Tower |
| 12:05 | queue | Villager (Male) |
| 12:27 | Build | Farm |
| 12:32 | Build | House |
| 12:46 | Build | House |
| 12:49 | queue | Skirmisher |
| 12:53 | queue | Villager (Male) |
| 12:58 | queue | Villager (Male) |
| 13:05 | Build | Stone Wall |
| 13:06 | queue | Villager (Male) |
| 13:07 | Build | House |
| 13:08 | queue | Villager (Male) |
| 13:12 | queue | Skirmisher |
| 13:16 | queue | Villager (Male) |
| 13:25 | Build | Stone Wall |
| 13:29 | queue | Villager (Male) |
| 13:40 | Build | Farm |
| 13:52 | Build | Farm |
| 13:52 | queue | Villager (Male) |
| 13:54 | queue | Villager (Male) |
| 14:03 | Build | House |
| 14:13 | queue | Villager (Male) |
| 14:18 | queue | Skirmisher |
| 14:18 | queue | Skirmisher |
| 14:23 | queue | Scout Cavalry |
| 14:23 | queue | Scout Cavalry |
| 14:30 | Build | House |
| 14:47 | queue | Villager (Male) |
| 14:50 | Build | House |
| 15:00 | Build | House |
| 15:03 | queue | Skirmisher |
| 15:04 | queue | Scout Cavalry |
| 15:10 | queue | Villager (Male) |
| 15:24 | Build | Farm |
| 15:29 | queue | Skirmisher |
| 15:44 | queue | Skirmisher |
| 15:44 | queue | Skirmisher |
| 15:48 | Build | Blacksmith |
| 15:48 | queue | Villager (Male) |
| 16:12 | queue | Skirmisher |
| 16:12 | queue | Skirmisher |
| 16:21 | Build | Farm |
| 16:30 | queue | Skirmisher |
| 16:30 | queue | Skirmisher |
| 16:43 | queue | Villager (Male) |
| 16:45 | queue | Skirmisher |
| 16:53 | queue | Villager (Male) |
| 16:57 | Build | Farm |
| 17:15 | Build | Blacksmith |
| 17:21 | queue | Villager (Male) |
| 17:25 | Build | Lumber Camp |
| 17:27 | queue | Skirmisher |
| 17:50 | Research | Fletching |
| 17:52 | queue | Skirmisher |
| 17:53 | queue | Villager (Male) |
| 18:03 | Build | House |
| 18:04 | queue | Villager (Male) |
| 18:10 | Build | Farm |
| 18:23 | queue | Skirmisher |
| 18:28 | Build | Farm |
| 18:42 | Build | Farm |
| 18:43 | Build | Farm |
| 18:43 | queue | Villager (Male) |
| 19:15 | queue | Villager (Male) |
| 19:20 | Build | Farm |
| 19:21 | Build | Farm |
| 19:21 | Build | Farm |
| 19:30 | queue | Villager (Male) |
| 19:33 | Build | Farm |
| 19:34 | Build | Farm |
| 19:43 | Build | Farm |
| 19:44 | queue | Skirmisher |
| 19:45 | queue | Skirmisher |
| 19:45 | queue | Villager (Male) |
| 19:54 | Build | Mining Camp |
| 20:01 | Build | House |
| 20:02 | queue | Spearman |
| 20:02 | queue | Spearman |
| 20:21 | queue | Spearman |
| 20:26 | queue | Villager (Male) |
| 20:29 | queue | Villager (Male) |
| 20:38 | queue | Villager (Male) |
| 20:42 | queue | Villager (Male) |
| 20:45 | Build | House |
| 20:46 | Build | House |
| 20:53 | queue | Spearman |
| 20:56 | queue | Skirmisher |
Build order — XEVER | Rivux
First 150 of 588 actions detected
| 0:00 | queue | Villager (Male) |
| 0:00 | queue | Villager (Male) |
| 0:01 | queue | Villager (Male) |
| 0:01 | queue | Villager (Male) |
| 0:01 | queue | Villager (Male) |
| 0:02 | Build | House |
| 0:03 | Build | House |
| 1:23 | queue | Villager (Male) |
| 1:50 | Build | Lumber Camp |
| 2:01 | queue | Villager (Male) |
| 2:03 | queue | Villager (Male) |
| 2:21 | queue | Villager (Male) |
| 2:56 | queue | Villager (Male) |
| 3:38 | queue | Villager (Male) |
| 3:39 | queue | Villager (Male) |
| 3:57 | Build | House |
| 4:19 | queue | Villager (Male) |
| 4:22 | queue | Villager (Male) |
| 4:25 | queue | Villager (Male) |
| 4:57 | Build | Barracks |
| 5:28 | queue | Villager (Male) |
| 5:32 | Research | Loom |
| 5:37 | Build | House |
| 6:42 | Research | Feudal Age |
| 6:51 | Build | Mining Camp |
| 6:54 | Build | Mining Camp |
| 6:57 | queue | Militia |
| 7:09 | queue | Militia |
| 7:33 | queue | Militia |
| 7:53 | Build | Palisade Wall |
| 7:58 | Build | Mill |
| 8:36 | queue | Villager (Male) |
| 8:52 | Age | Feudal Age |
| 8:53 | Build | Archery Range |
| 8:55 | Research | Man-at-Arms (upgrade) |
| 8:55 | Research | Man-at-Arms (upgrade) |
| 9:04 | queue | Villager (Male) |
| 9:30 | Research | Arson |
| 9:30 | Research | Arson |
| 9:51 | queue | Villager (Male) |
| 9:59 | Build | Watch Tower |
| 10:09 | Build | House |
| 10:13 | queue | Archer |
| 10:36 | queue | Villager (Male) |
| 10:39 | queue | Archer |
| 11:00 | queue | Villager (Male) |
| 11:09 | queue | Archer |
| 11:22 | Build | Farm |
| 11:24 | Build | Farm |
| 11:31 | queue | Villager (Male) |
| 11:31 | queue | Villager (Male) |
| 11:34 | queue | Spearman |
| 11:40 | Build | House |
| 11:42 | Build | House |
| 11:52 | queue | Archer |
| 11:55 | Build | Farm |
| 11:59 | Build | Farm |
| 11:59 | queue | Villager (Male) |
| 12:01 | Build | Farm |
| 12:03 | Build | Palisade Wall |
| 12:04 | Build | Palisade Wall |
| 12:05 | Build | Palisade Wall |
| 12:06 | Build | Palisade Wall |
| 12:18 | queue | Villager (Male) |
| 12:20 | Build | Farm |
| 12:22 | Build | Palisade Wall |
| 12:27 | Build | House |
| 12:28 | Build | Palisade Wall |
| 12:38 | Build | Farm |
| 12:38 | queue | Villager (Male) |
| 13:11 | queue | Villager (Male) |
| 13:16 | queue | Archer |
| 13:24 | Build | Blacksmith |
| 13:27 | Build | Farm |
| 13:52 | queue | Villager (Male) |
| 13:59 | Research | Fletching |
| 14:05 | queue | Villager (Male) |
| 14:11 | queue | Archer |
| 14:16 | Build | Farm |
| 14:19 | Build | House |
| 14:21 | queue | Villager (Male) |
| 14:40 | queue | Villager (Male) |
| 14:46 | Build | Palisade Wall |
| 14:49 | queue | Spearman |
| 15:05 | queue | Villager (Male) |
| 15:06 | queue | Spearman |
| 15:08 | queue | Archer |
| 15:09 | Build | Farm |
| 15:14 | Build | Palisade Wall |
| 15:17 | Build | Farm |
| 15:18 | Build | Farm |
| 15:41 | queue | Villager (Male) |
| 15:44 | queue | Archer |
| 15:46 | Build | Farm |
| 16:11 | queue | Villager (Male) |
| 16:13 | Build | Farm |
| 16:36 | queue | Villager (Male) |
| 16:48 | queue | Archer |
| 16:49 | queue | Villager (Male) |
| 17:07 | Build | Farm |
| 17:16 | Build | House |
| 17:17 | Build | House |
| 17:18 | Build | House |
| 17:28 | Build | Farm |
| 17:44 | queue | Villager (Male) |
| 17:46 | queue | Archer |
| 17:51 | Build | Lumber Camp |
| 18:11 | queue | Villager (Male) |
| 18:32 | Build | House |
| 18:34 | Build | Palisade Wall |
| 18:48 | queue | Villager (Male) |
| 18:53 | Research | Castle Age |
| 18:53 | Research | Castle Age |
| 19:51 | Research | Horse Collar |
| 19:56 | Build | Palisade Wall |
| 20:03 | Build | Stable |
| 20:05 | Research | Gold Mining |
| 20:20 | Build | House |
| 20:22 | Build | Palisade Wall |
| 20:26 | Build | House |
| 20:33 | Research | Scale Barding Armor |
| 20:41 | Build | Farm |
| 20:42 | Build | Farm |
| 20:47 | Build | House |
| 20:58 | queue | Scout Cavalry |
| 21:03 | Build | House |
| 21:08 | queue | Scout Cavalry |
| 21:27 | queue | Spearman |
| 21:33 | Age | Castle Age |
| 21:35 | queue | Villager (Male) |
| 21:38 | queue | Knight |
| 21:42 | queue | Villager (Male) |
| 21:57 | queue | Knight |
| 22:03 | queue | Militia |
| 22:05 | queue | Villager (Male) |
| 22:15 | queue | Villager (Male) |
| 22:35 | queue | Militia |
| 22:53 | queue | Militia |
| 23:02 | queue | Villager (Male) |
| 23:07 | queue | Knight |
| 23:14 | queue | Villager (Male) |
| 23:16 | Build | Farm |
| 23:16 | Build | Farm |
| 23:16 | Build | Farm |
| 23:17 | Build | Farm |
| 23:17 | Build | Farm |
| 23:17 | Build | Farm |
| 23:17 | Build | Farm |
| 23:17 | Build | Farm |
| 23:25 | queue | Knight |
Match timeline
| 4:47 | YuriusuNovakuro · wall_segment Palisade Wall x3 |
| 4:50 | YuriusuNovakuro · wall_segment Palisade Wall x1 |
| 4:57 | XEVER | Rivux · first_building Barracks |
| 5:06 | YuriusuNovakuro · wall_segment Palisade Wall x1 |
| 5:08 | YuriusuNovakuro · wall_segment Palisade Wall x11 |
| 5:33 | YuriusuNovakuro · wall_segment Palisade Wall x4 |
| 6:29 | YuriusuNovakuro · wall_segment Palisade Wall x4 |
| 7:21 | YuriusuNovakuro · wall_segment Palisade Wall x1 |
| 7:26 | YuriusuNovakuro · wall_segment Palisade Wall x7 |
| 7:53 | XEVER | Rivux · wall_segment Palisade Wall x1 |
| 8:21 | YuriusuNovakuro · first_building Barracks |
| 8:28 | YuriusuNovakuro · wall_segment Palisade Wall x1 |
| 8:29 | YuriusuNovakuro · wall_segment Palisade Wall x1 |
| 8:50 | YuriusuNovakuro · age_up feudal |
| 8:52 | XEVER | Rivux · age_up feudal |
| 8:53 | XEVER | Rivux · first_building Archery Range |
| 9:24 | YuriusuNovakuro · first_building Stable |
| 11:51 | YuriusuNovakuro · first_building Archery Range |
| 12:03 | XEVER | Rivux · wall_segment Palisade Wall x1 |
| 12:04 | XEVER | Rivux · wall_segment Palisade Wall x1 |
| 12:05 | XEVER | Rivux · wall_segment Palisade Wall x1 |
| 12:06 | XEVER | Rivux · wall_segment Palisade Wall x1 |
| 12:22 | XEVER | Rivux · wall_segment Palisade Wall x1 |
| 12:28 | XEVER | Rivux · wall_segment Palisade Wall x1 |
| 13:05 | YuriusuNovakuro · wall_segment Stone Wall x1 |
| 13:25 | YuriusuNovakuro · wall_segment Stone Wall x1 |
| 14:46 | XEVER | Rivux · wall_segment Palisade Wall x1 |
| 15:14 | XEVER | Rivux · wall_segment Palisade Wall x1 |
| 18:34 | XEVER | Rivux · wall_segment Palisade Wall x5 |
| 19:56 | XEVER | Rivux · wall_segment Palisade Wall x1 |
| 20:03 | XEVER | Rivux · first_building Stable |
| 20:22 | XEVER | Rivux · wall_segment Palisade Wall x5 |
| 21:33 | XEVER | Rivux · age_up castle |
| 23:13 | YuriusuNovakuro · first_market_buy 100 stone |
| 23:59 | YuriusuNovakuro · first_market_sell 500 wood |
| 25:03 | XEVER | Rivux · first_market_sell 100 wood |
| 25:06 | XEVER | Rivux · first_market_buy 100 stone |
| 25:27 | YuriusuNovakuro · wall_segment Palisade Wall x2 |
| 25:30 | YuriusuNovakuro · wall_segment Palisade Wall x1 |
| 26:00 | YuriusuNovakuro · wall_segment Palisade Wall x2 |
| 26:56 | YuriusuNovakuro · age_up castle |
| 27:02 | YuriusuNovakuro · first_building Monastery |
| 28:18 | YuriusuNovakuro · first_building Siege Workshop |
| 28:57 | XEVER | Rivux · first_building Monastery |
| 37:55 | XEVER | Rivux · first_building Castle |
| 39:01 | YuriusuNovakuro · first_building Castle |
| 40:39 | XEVER | Rivux · wall_segment Stone Wall x10 |
| 40:42 | XEVER | Rivux · wall_segment Stone Wall x18 |
| 42:46 | YuriusuNovakuro · age_up imperial |
| 42:56 | XEVER | Rivux · age_up imperial |
| 46:35 | YuriusuNovakuro · resign |
[ AI ANALYSIS · 1 CREDIT ]
What really happened in this match?
Wolo.gg analyzes every decision: build order, eco, micro, common mistakes by bracket. Personalized analysis on WhatsApp or Discord in 30 seconds.
Civ guide
Slavs
Perfil
Jugador #23353296